 Dungeon Crawl Stone Soup version 0.25-a0-292-gaa31f046c4 (webtiles) character file.

Game seed: 8265537716286736173, levelgen mode: deterministic

2637 mopl the Geomancer (level 9, -3/55 HPs)
             Began as a Purple Draconian Earth Elementalist on Dec 15, 2019.
             Was an Initiate of Hepliaklqana.
             Slain by a four-headed hydra (8 damage)
             ... on level 8 of the Dungeon.
             The game lasted 00:18:00 (8718 turns).

mopl the Geomancer (DrEE)                           Turns: 8718, Time: 00:18:01

Health: -3/55      AC:  8    Str: 10    XL:     9   Next: 35%
Magic:  8/18       EV: 12    Int: 18    God:    Hepliaklqana [......]
Gold:   633        SH:  0    Dex: 13    Spells: 2/20 levels left

rFire    . . .     SeeInvis .   a - +1 short sword (venom)
rCold    . . .     Gourm    .   (no shield)
rNeg     . . .     Faith    .   (armour unavailable)
rPois    +         Spirit   .   (helmet restricted)
rElec    .         Reflect  .   (no cloak)
rCorr    .         Harm     .   (no gloves)
MR       +....                  v - +0 pair of boots
Stlth    +++.......             H - amulet of magic regeneration
HPRegen  0.18/turn              u - ring of poison resistance
MPRegen  0.41/turn              (no ring)

@: very slightly contaminated
A: breathe power, unfitting armour, reduced essence, cold-blooded, AC +7
a: Breathe Dispelling Energy, Recall Ancestor, Ancestor Identity, Renounce
Religion


You were on level 8 of the Dungeon.
You worshipped Hepliaklqana.
Hepliaklqana was noncommittal.
You were hungry.

You visited 2 branches of the dungeon, and saw 10 of its levels.
You also visited: Sewer and Ossuary.

You collected 633 gold pieces.

Inventory:

Hand Weapons
 a - a +1 short sword of venom (weapon)
 b - a +0 dagger of pain
 B - a +4 vampiric trident
 F - the +6 hand axe of the Blessed Realm {flame, Str-2 Int+4, unknown}
   (You found it in a sewer)

   It has been specially enchanted to burn those struck by it, causing extra
   injury to most foes and up to half again as much damage against particularly
   susceptible opponents.
   Big, fiery blades are also staple armaments of hydra-hunters.
   It affects your strength (-2).
   It affects your intelligence (+4).
Missiles
 o - 2 silver boomerangs
 x - 6 boomerangs
 y - 105 stones (quivered)
 I - a throwing net
Armour
 v - a +0 pair of boots (worn)
Jewellery
 u - a ring of poison resistance (left hand)
 H - an amulet of magic regeneration (around neck)
Wands
 m - a wand of polymorph (12)
 D - a wand of paralysis (12)
Scrolls
 f - 5 scrolls of fear {unknown}
 g - 2 scrolls of random uselessness {unknown}
 h - 7 scrolls of remove curse
 i - 6 scrolls of teleportation
 l - 2 scrolls of magic mapping {unknown}
 n - a scroll of blinking {unknown}
 s - 2 scrolls of enchant armour {unknown}
 w - a scroll of vulnerability {unknown}
 z - a scroll of amnesia {unknown}
Potions
 d - 4 potions of heal wounds
 e - 3 potions of curing
 j - a potion of cancellation
 k - a potion of berserk rage {!q}
 p - a potion of resistance
 q - 2 potions of mutation {!q}
 r - a potion of might
 t - a potion of magic {unknown}
 A - a potion of lignification {unknown}
 C - 2 potions of invisibility {unknown}
 E - a potion of brilliance {unknown}
 G - 2 potions of agility {unknown}
Comestibles
 c - 11 rations


   Skills:
 - Level 2.0 Short Blades
 - Level 1.7 Dodging
 + Level 5.1 Stealth
 - Level 6.0 Spellcasting
 - Level 2.0 Conjurations
 - Level 3.0 Charms
 + Level 4.9 Transmutations
 * Level 8.8 Earth Magic
 + Level 1.2 Invocations


You had 2 spell levels left.
You knew the following spells:

 Your Spells              Type           Power        Failure   Level  Hunger
a - Sandblast             Erth           #####.       1%          1    None
b - Stone Arrow           Conj/Erth      ####..       3%          3    ##.....
f - Petrify               Tmut/Erth      ####....     7%          4    ####...
k - Lee's Rapid Deconstr  Erth           #####.....   9%          5    #####..
p - Passwall              Tmut/Erth      ####....     1%          2    None
s - Ozocubu's Armour      Chrm/Ice       ##......     19%         3    ##.....

Your spell library contained the following spells:

 Spells                   Type           Power        Failure   Level  Hunger
 Animate Skeleton         Necr           N/A          12%         1    None
 Apportation              Tloc           #.....       12%         1    None
 Confusing Touch          Hex            #.....       12%         1    None
 Freeze                   Ice            #...         12%         1    None
 Summon Small Mammal      Summ           #...         12%         1    None
 Hailstorm                Conj/Ice       #.......     61%         4    ####...
 Summon Ice Beast         Ice/Summ       #.......     75%         4    ####...


Dungeon Overview and Level Annotations

Branches:
Dungeon (9/15)             Temple (1/1) D:6           Sewer (visited)
Ossuary (visited)
   Lair: D:8-11         Orc: D:9-12

Altars:
Ashenzari
Dithmenos
Fedhas
Gozag
Hepliaklqana
Kikubaaqudgha
Makhleb
Nemelex Xobeh
Okawaru
Qazlal
Ru
Sif Muna
Trog
Uskayaw
Vehumet
Xom
Yredelemnul
Zin
The Shining One

Shops:
D:9 }

Annotations:
D:5 3 runed translucent doors, grouchysmurf's ghost, novice HOBe
D:9 exclusion: death yak


Innate Abilities, Weirdness & Mutations

You can breathe bolts of dispelling energy.
Your rich purple scales are hard. (AC +7)
You cannot fit into any form of body armour.
You are cold-blooded and may be slowed by cold attacks.
Your life essence is reduced to manifest your ancestor. (-10% HP)


Message History

The four-headed hydra barely misses you.
The four-headed hydra bites you but does no damage.
Hypermopl hits the four-headed hydra!
You hit the four-headed hydra.
Your tail-slap misses the four-headed hydra.
The four-headed hydra is heavily wounded.
The four-headed hydra bites you. The four-headed hydra misses you.
The four-headed hydra bites you!
* * * LOW HITPOINT WARNING * * *
The four-headed hydra closely misses you.
Hypermopl hits the four-headed hydra!
You hit the four-headed hydra.
The four-headed hydra looks as sick as possible!
The four-headed hydra is severely wounded.
The four-headed hydra bites you but does no damage.
The four-headed hydra bites you!
* * * LOW HITPOINT WARNING * * *
The four-headed hydra closely misses you.
The four-headed hydra bites you!
You die...

#...............
#.#.###......#
#.......#
##.≈.####.#
#####.###
#........# #.
##.####### # #†#
##'## ##..D##
##...@R##
##.......##
#.......<.####.
+.........'.....
#.........####..
##.......##
##.....##
##...##
##'#######


You could see the friendly hypermopl the ancestor and a four-headed hydra.

Vanquished Creatures
  An ice beast (D:7)
  An orc warrior (D:9)
  A sky beast (D:8)
  Purgy (D:3)
  An eye of draining (D:9)
  A hornet zombie (D:7)
  3 ogres
  A centaur (D:9)
  An elf zombie (Ossuary)
  A crocodile (Sewer)
  A gnoll sergeant (D:7)
  2 bullfrogs
  2 jellies
  A water moccasin skeleton (D:6)
  3 scorpions
  A crimson imp (D:7)
  A centaur zombie (Ossuary)
  A gnoll shaman (D:7)
  2 orc priests
  2 quasits
  A bullfrog skeleton (D:9)
  6 hounds
  4 orc wizards (D:7)
  An iguana (D:6)
  2 worker ants (D:7)
  3 big kobold zombies (Ossuary)
  2 mummies (Ossuary)
  A worker ant zombie (D:6)
  16 gnolls
  8 adders
  2 howler monkey skeletons
  3 shadow imps (D:6)
  2 adder skeletons
  4 worms
  A dart slug (D:1)
  3 leopard geckos
  12 orcs
  A ball python (D:3)
  2 bats
  3 giant cockroaches
  3 gnoll zombies (Ossuary)
  7 goblins
  8 hobgoblins
  10 jackals
  5 quokkas
  2 frilled lizards
  2 goblin zombies (Ossuary)
  3 hobgoblin zombies (Ossuary)
  A jackal skeleton (D:5)
  A jackal zombie (D:6)
  6 kobolds
  2 leopard gecko zombies
  An orc zombie (Ossuary)
  7 rats
163 creatures vanquished.

Vanquished Creatures (collateral kills)
  A gnoll sergeant (D:6)
  An adder (D:6)
  A quokka skeleton (D:6)
3 creatures vanquished.

Vanquished Creatures (others)
  An ancestor (D:8)
1 creature vanquished.

Grand Total: 167 creatures vanquished

Notes
Turn   | Place    | Note
-------+----------+-------------------------------------------
     0 | D:1      | mopl the Draconian Earth Elementalist began the quest for
                  | the Orb.
     0 | D:1      | Reached XP level 1. HP: 14/14 MP: 3/3
   206 | D:1      | Reached XP level 2. HP: 20/20 MP: 3/5
   817 | D:1      | You fall into a shaft and drop 1 floor!
   821 | D:2      | Found a stormy altar of Qazlal.
   938 | D:2      | Reached XP level 3. HP: 18/26 MP: 7/7
   983 | D:2      | Learned a level 2 spell: Passwall
   987 | D:2      | Learned a level 3 spell: Stone Arrow
  2094 | D:3      | Reached skill level 4 in Earth Magic
  2157 | D:3      | Noticed a scorpion
  2190 | D:3      | Killed a scorpion
  2190 | D:3      | Reached skill level 3 in Spellcasting
  2190 | D:3      | Reached skill level 1 in Conjurations
  2190 | D:3      | Reached XP level 4. HP: 30/33 MP: 0/8
  2418 | D:3      | Noticed Purgy
  2425 | D:3      | Killed Purgy
  2425 | D:3      | Reached skill level 2 in Conjurations
  2425 | D:3      | Reached XP level 5. HP: 25/38 MP: 2/10
  2517 | D:3      | Reached skill level 5 in Earth Magic
  2526 | D:3      | Learned a level 4 spell: Petrify
  3676 | D:4      | Reached XP level 6. HP: 27/45 MP: 11/11
  4544 | D:5      | Entered Level 5 of the Dungeon
  4567 | D:5      | Reached skill level 2 in Stealth
  4593 | D:5      | Found a runed translucent gate.
  4595 | D:5      | Found a runed translucent gate.
  4595 | D:5      | Noticed grouchysmurf's ghost (novice HOBe)
  4596 | D:5      | Found a runed translucent gate.
  4770 | D:5      | Found a glowing drain.
  4789 | D:5      | Reached skill level 2 in Transmutations
  4801 | Sewer    | Entered a sewer
  4891 | Sewer    | Reached skill level 4 in Spellcasting
  4910 | Sewer    | Got a slimy hand axe
  5021 | D:5      | Your scales start taking on a rich purple colour.
  5021 | D:5      | Reached XP level 7. HP: 36/50 MP: 14/14
  5031 | D:5      | Learned a level 5 spell: Lee's Rapid Deconstruction
  5338 | D:6      | Found a stormy altar of Qazlal.
  5353 | D:6      | Found a glowing golden altar of the Shining One.
  5354 | D:6      | Found a basalt altar of Yredelemnul.
  5356 | D:6      | Found a hide-covered altar of Uskayaw.
  5358 | D:6      | Found a radiant altar of Vehumet.
  5359 | D:6      | Found an ancient bone altar of Kikubaaqudgha.
  5403 | D:6      | Reached skill level 6 in Earth Magic
  5419 | D:6      | Reached skill level 5 in Spellcasting
  5579 | D:6      | You fall into a shaft and drop 3 floors!
  5626 | D:9      | Reached skill level 3 in Stealth
  5796 | D:9      | Found Kajeomiv's Gadget Emporium.
  5819 | D:9      | Reached skill level 3 in Transmutations
  5865 | D:9      | Found a bloodstained altar of Trog.
  5986 | D:9      | Reached skill level 7 in Earth Magic
  5986 | D:9      | Reached XP level 8. HP: 50/57 MP: 0/16
  6096 | D:9      | Learned a level 3 spell: Ozocubu's Armour
  6110 | D:9      | Noticed a death yak
  6346 | D:7      | Reached skill level 1 in Charms
  6427 | D:7      | Reached skill level 6 in Spellcasting
  6459 | D:7      | Reached skill level 4 in Stealth
  6540 | D:7      | Found a sand-covered staircase.
  6549 | Ossuary  | Entered an ossuary
  6694 | Ossuary  | Reached skill level 2 in Charms
  6694 | Ossuary  | Reached skill level 4 in Transmutations
  7205 | D:7      | Reached skill level 8 in Earth Magic
  7229 | D:7      | Found a shimmering altar of Xom.
  7323 | D:7      | Reached XP level 9. HP: 41/62 MP: 4/18
  7331 | D:7      | Reached skill level 3 in Charms
  7358 | D:7      | Reached skill level 1 in Short Blades
  7944 | D:6      | Found a glowing silver altar of Zin.
  8017 | D:6      | Found a staircase to the Ecumenical Temple.
  8035 | Temple   | Entered the Ecumenical Temple
  8097 | Temple   | Became a worshipper of Hepliaklqana the Forgotten
  8167 | D:6      | Reached skill level 5 in Stealth
  8561 | D:7      | Reached skill level 1 in Invocations
  8681 | D:8      | Reached skill level 2 in Short Blades
  8693 | D:8      | Noticed a four-headed hydra
  8718 | D:8      | Slain by a four-headed hydra

Levels and vault maps discovered:
D:1:      ncdulo_smallfort, layout_basic
D:2:      layout_basic, nicolae_overflow_crystal_walls, first_ration
D:3:      minmay_inner_zag, layout_basic, nrook_campfire, uniq_purgy
D:4:      layout_basic, glass_columns_a
D:5:      layout_rooms, cheibrodos_sewer_entry_bend,
          gammafunk_ghost_nasty_kobolds
D:6:      layout_basic, kennysheep_mini, grunt_temple_overflow_open,
          minmay_temple_entry_enclosed_plants, nicolae_qazlal_general_emergency
D:7:      layout_rooms, lemuel_doored_altar, enter_ossuary_2
D:8:      layout_loops_corners, elyvilon_altar_1, old_standard_altar,
          grunt_pizzeria, eino_tiny_chamber, introduction_to_nature_1
D:9:      layout_irregular_city, marbit_many_paths, slow_altar_1,
          dpeg_lair_monsters, serial_shops, shop
Temple:   zaba_magenta_temple

Skill      XL: |  1  2  3  4  5  6  7  8  9 |
---------------+----------------------------+-----
Earth Magic    | 4 5 7 8 |  8.8
Spellcasting   | 3 4 5 6 |  6.0
Conjurations   | 1 2 |  2.0
Stealth        | 2 3 4 5 |  5.1
Transmutations | 2 3 4 |  4.9
Charms         | 2 3 |  3.0
Short Blades   | 2 |  2.0
Invocations    | 1 |  1.2
Dodging        | |  1.7

Action                   |  1- 3 |  4- 6 |  7- 9 || total
-------------------------+-------+-------+-------++-------
Melee: Dagger            |    48 |    75 |       ||   123
       Tailslap          |     2 |     8 |    55 ||    65
       Short sword       |       |    60 |   412 ||   472
 Cast: Sandblast         |    48 |    38 |    24 ||   110
       Petrify           |       |     1 |    17 ||    18
       Lee's Rapid Decon |       |       |     8 ||     8
       Passwall          |       |       |     1 ||     1
Invok: Recall Ancestor   |       |       |     1 ||     1
       Ancestor Identity |       |       |     1 ||     1
  Use: Scroll            |     6 |     3 |     1 ||    10
       Potion            |     1 |       |       ||     1
 Stab: Sleeping          |     2 |     3 |     4 ||     9
       Petrified         |       |     8 |    60 ||    68
       Petrifying        |       |       |     1 ||     1
  Eat: Chunk             |     4 |     9 |    14 ||    27
       Ration            |       |       |     1 ||     1
Armor: Skin              |    23 |    69 |   148 ||   240
Dodge: Dodged            |    39 |   107 |   280 ||   426

Table legend:
 A = Non-vault XP
 B = Vault XP
 C = Vault XP percentage of total XP
 D = Non-vault monster count
 E = Vault monster count
 F = Vault count percentage of total count
                 A         B        C        D         E       F
            +---------+---------+-------+---------+---------+-------
      Total |    3200 |     568 |  15.1 |     135 |      31 |  18.7
            +---------+---------+-------+---------+---------+-------
        D:1 |      23 |       0 |   0.0 |      12 |       0 |   0.0
        D:2 |      52 |       0 |   0.0 |      15 |       0 |   0.0
        D:3 |     157 |     138 |  46.8 |      20 |       6 |  23.1
        D:4 |     102 |       0 |   0.0 |       5 |       0 |   0.0
        D:5 |     177 |      10 |   5.3 |       6 |       2 |  25.0
        D:6 |     619 |       0 |   0.0 |      24 |       0 |   0.0
        D:7 |    1260 |       0 |   0.0 |      40 |       0 |   0.0
        D:8 |     174 |       0 |   0.0 |       2 |       0 |   0.0
        D:9 |     636 |      40 |   5.9 |      11 |       1 |   8.3
      Sewer |       0 |     108 | 100.0 |       0 |       6 | 100.0
    Ossuary |       0 |     272 | 100.0 |       0 |      16 | 100.0
            +---------+---------+-------+---------+---------+-------
